 Dungeon Crawl Stone Soup version 0.32-a0-136-gc02482bde3 (webtiles) character file.

Game seed: 7115096415338795367

1075 pokeman the Thaumaturge (level 8, -2/44 HPs)
             Began as a Deep Elf Hedge Wizard on Feb 10, 2024.
             Killed by divine providence
             ... invoked by Jeremiah
              (14 damage)
             ... on level 6 of the Dungeon.
             The game lasted 00:11:55 (5560 turns).

pokeman the Thaumaturge (Deep Elf Hedge Wizard)     Turns: 5560, Time: 00:11:56

Health: -2/44      AC:  2    Str:  7    XL:     8   Next: 8%
Magic:  12/22      EV: 13    Int: 22    God:
Gold:   190        SH:  0    Dex: 14    Spells: 12/24 levels left

rFire   . . .        B - +2 flail (drain)
rCold   + . .        (no shield)
rNeg    . . .        b - +0 robe
rPois   .            c - +0 hat
rElec   .            (no cloak)
rCorr   .            (no gloves)
SInv    .            (no boots)
Will    .....        (no amulet)
Stlth   ++           f - ring of protection from cold
HPRegen 0.27/turn    (no ring)
MPRegen 0.18/turn

%: no passive effects
@: lethally poisoned (-2 -> -4), slowed, very slow
A: mutation resistance 1
a: no special abilities


You were on level 6 of the Dungeon.
You visited 2 branches of the dungeon, and saw 7 of its levels.
You also visited: Sewer.

You collected 190 gold pieces.

Inventory:

Hand Weapons
 A - a +1 whip of pain
 B - a +2 flail of draining (weapon)
Missiles
 a - 6 curare-tipped darts
Armour
 b - a +0 robe (worn)
 c - a +0 hat (worn)
 y - a +0 kite shield
Jewellery
 f - a ring of protection from cold (left hand)
Wands
 p - a wand of flame (41)
Scrolls
 e - 6 scrolls of identify {unknown}
 h - a scroll of silence {unknown}
 i - a scroll of enchant armour {unknown}
 k - a scroll of blinking {unknown}
 m - a scroll of brand weapon {unknown}
 n - a scroll of fear {unknown}
 s - a scroll of poison {unknown}
 t - a scroll of immolation {unknown}
 v - a scroll of amnesia {unknown}
 w - a scroll of enchant weapon {unknown}
 x - a scroll of vulnerability {unknown}
 z - a scroll of teleportation {unknown}
Potions
 d - 3 potions of magic
 g - a potion of mutation
 j - a potion of curing {unknown}
 l - a potion of brilliance {unknown}
 o - 2 potions of heal wounds
 q - 2 potions of cancellation {unknown}
 r - a potion of invisibility {unknown}
 u - 2 potions of lignification {unknown}


   Skills:
 - Level 2.0 Fighting
 - Level 1.0 Armour
 - Level 3.0 Dodging
 - Level 3.2 Stealth
 + Level 1.2 Shields
 * Level 8.8 Spellcasting
 + Level 4.4 Conjurations
 - Level 1.1 Summonings
 - Level 2.1 Necromancy
 - Level 1.1 Translocations
 + Level 3.2 Air Magic
 - Level 1.2 Alchemy
 - Level 1.0 Evocations


You had 12 spell levels left.
You knew the following spells:

 Your Spells              Type           Power      Damage    Failure   Level
a - Magic Dart            Conj           100%       1d8       1%          1
b - Mephitic Cloud        Conj/Alch/Air  22%        N/A       6%          3
c - Call Imp              Summ           28%        N/A       7%          2
d - Blink                 Tloc           28%        N/A       7%          2
e - Airstrike             Air            12%        2d(2-18)  19%         4

Your spell library contained the following spells:

 Spells                   Type           Power      Damage    Failure   Level
 Shock                    Conj/Air       100%       1d9       1%          1
 Cigotuvi's Dreadful Rot  Necr/Alch/Air  38%        N/A       4%          2
 Sublimation of Blood     Necr           19%        N/A       4%          2
 Swiftness                Air            24%        N/A       5%          3
 Slow                     Hex            36%        N/A       7%          1
 Dispel Undead            Necr           19%        3d11      28%         4
 Martyr's Knell           Necr/Summ      16%        N/A       34%         4
 Death Channel            Necr           9%         N/A       99%         6
 Summon Hydra             Summ           7%         N/A       100%        7


Dungeon Overview and Level Annotations

Branches:
Dungeon (6/15)             Temple (1/1) D:5           Sewer (visited)

Altars:
Ashenzari
Cheibriados
Dithmenos
Fedhas
Hepliaklqana
Nemelex Xobeh
Okawaru
Qazlal
Ru
Sif Muna
Trog
Wu Jian
Xom
Yredelemnul
The Shining One

Shops:
D:1 ?

Annotations:
D:6 Jeremiah


Innate Abilities, Weirdness & Mutations

You are somewhat resistant to further mutation.


Message History

The kobold brigand is engulfed in noxious fumes.
The kobold brigand appears confused.
The adder bites you.
You are more poisoned.
The adder poisons you!
A kobold comes into view. It is wielding a +0 club.
Something hits the kobold.
The kobold is killed!
The adder bites you.
Jeremiah barely misses the butterfly.
You barely miss the adder.
The adder is almost dead.
You feel very sick.
The butterfly disappears in a burst of colours!
Jeremiah seems less confused.
The adder bites you. x2
Unknown command.
Casting: Mephitic Cloud (dangerous; 6% risk of failure)
Confirm with . or Enter, or press ? or * to list all spells.
Aiming: Magic Dart (safe; 1% risk of failure)
Press: ? - help, Shift-Dir - straight line, f - adder
Aim: an adder (almost dead, 100% to hit)
The magic dart hits the adder.
The adder is almost dead.
You feel sick.
The butterfly disappears in a burst of colours!
The adder bites you but does no damage. The adder barely misses you.
Unknown command.
Casting: Magic Dart (safe; 1% risk of failure)
Confirm with . or Enter, or press ? or * to list all spells.
Aiming: Magic Dart (safe; 1% risk of failure)
Press: ? - help, Shift-Dir - straight line, f/p - adder
Aim: an adder (almost dead, 100% to hit)
The magic dart hits the adder.
You kill the adder!
You feel sick.
The butterfly is engulfed in noxious fumes.
The butterfly appears confused.
The butterfly is engulfed in noxious fumes.
Jeremiah lets out a twisted cry.
Something smites you!
You die...
Jeremiah says, "O terrible one, your will is done."

# #b .$
#b#######.#
+.Fb......# # ..
###b#####....
....##...†@K....#
........bb##...##
#+#####b#§# ..#
#<....#☼.. .#
#######)>.# #
....# ##.K# ..#
#.#


You could see Jeremiah and a kobold.

Vanquished Creatures
  Pargi (Sewer)
  An ogre (D:5)
  A black bear (D:5)
  4 scorpions
  A brain worm (Sewer)
  A bombardier beetle (D:4)
  2 jellies (D:4)
  2 orc priests
  2 hounds
  Terence (D:2)
  An iguana (D:4)
  9 adders
  2 dart slugs
  A ribbon worm (D:4)
  20 orcs
  10 ball pythons
  12 endoplasms
  6 giant cockroaches
  3 goblins
  9 hobgoblins
  3 jackals (D:1)
  5 quokkas
  10 bats
  5 frilled lizards
  20 kobolds
  5 rats
137 creatures vanquished.

Vanquished Creatures (collateral kills)
  A sleepcap (D:4)
1 creature vanquished.

Grand Total: 138 creatures vanquished

Notes
Turn   | Place    | Note
-------+----------+-------------------------------------------
     0 | D:1      | pokeman the Deep Elf Hedge Wizard began the quest for the
                  | Orb.
     0 | D:1      | Reached XP level 1. HP: 10/10 MP: 7/7
   320 | D:1      | Reached XP level 2. HP: 16/16 MP: 6/9
   604 | D:1      | Found Moulean's Magic Scroll Boutique.
   881 | D:1      | Reached skill level 5 in Spellcasting
  1085 | D:1      | Reached XP level 3. HP: 20/20 MP: 3/11
  1089 | D:1      | Learned a level 3 spell: Mephitic Cloud
  1092 | D:1      | Learned a level 2 spell: Call Imp
  1095 | D:1      | Learned a level 2 spell: Blink
  1562 | D:2      | Reached skill level 1 in Fighting
  1581 | D:2      | Reached skill level 1 in Armour
  2063 | D:2      | Noticed Terence
  2087 | D:2      | Killed Terence
  2088 | D:2      | Reached XP level 4. HP: 15/25 MP: 3/13
  2191 | D:3      | You fall into a shaft and drop 2 floors!
  2191 | D:5      | Entered Level 5 of the Dungeon
  2198 | D:5      | Noticed a scorpion
  2215 | D:4      | Noticed a scorpion
  2236 | D:4      | Killed a scorpion
  2237 | D:4      | Reached skill level 6 in Spellcasting
  2237 | D:4      | Reached XP level 5. HP: 23/29 MP: 10/15
  2241 | D:4      | Found a shimmering blue altar of Sif Muna.
  2296 | D:3      | Found a blossoming altar of Fedhas.
  2342 | D:3      | Found a glowing drain.
  2379 | Sewer    | Entered a sewer
  2521 | Sewer    | Noticed Pargi
  2554 | Sewer    | Killed Pargi
  2555 | Sewer    | Reached skill level 1 in Air Magic
  2555 | Sewer    | Reached skill level 1 in Alchemy
  2555 | Sewer    | Reached XP level 6. HP: 29/34 MP: 8/17
  2824 | D:3      | Found a broken altar of Ashenzari.
  2889 | D:3      | Found a faded altar of an unknown god.
  2927 | D:3      | Reached skill level 7 in Spellcasting
  3197 | D:3      | Found a sparkling altar of Nemelex Xobeh.
  3479 | D:4      | Found a snail-covered altar of Cheibriados.
  3739 | D:4      | Reached XP level 7. HP: 39/39 MP: 18/20
  3795 | D:4      | Reached skill level 1 in Evocations
  4062 | D:4      | Found a glowing golden altar of the Shining One.
  4062 | D:4      | Found an ornate altar of the Wu Jian Council.
  4062 | D:4      | Found a basalt altar of Yredelemnul.
  4062 | D:4      | Found a basalt altar of Yredelemnul.
  4062 | D:4      | Found a blossoming altar of Fedhas.
  4062 | D:4      | Found a bloodstained altar of Trog.
  4326 | D:4      | Found a shadowy altar of Dithmenos.
  4389 | D:5      | Reached skill level 8 in Spellcasting
  4389 | D:5      | Reached skill level 1 in Necromancy
  4451 | D:5      | Learned a level 4 spell: Airstrike
  4511 | D:5      | Found a staircase to the Ecumenical Temple.
  4557 | D:5      | Gained mutation: You are somewhat resistant to further
                  | mutation. [potion of mutation]
  4662 | Temple   | Entered the Ecumenical Temple
  4945 | D:5      | Reached skill level 1 in Shields
  4992 | D:5      | Found an iron altar of Okawaru.
  5218 | D:5      | Reached XP level 8. HP: 44/44 MP: 14/22
  5545 | D:6      | Noticed Jeremiah
  5560 | D:6      | Killed from afar by Jeremiah

Illustrated notes

Levels and vault maps discovered:
D:1:      amcnicky_arrival_blooded_trapdoor, layout_basic, serial_shops,
          nicolae_square_shop
D:2:      layout_rooms, uniq_terence
D:3:      layout_rooms, nemelex_xobeh_ov_fountains_minmay,
          ashenzari_conservatory_becter, fedhas_altar_2,
          shapermc_ecumenical_altar_flowoftime, cheibrodos_sewer_entry_sluice
D:4:      cheibrodos_fertilizer, layout_cave_pools,
          nicolae_dithmenos_the_darkroom, mainiacjoe_overflow_cross_hatched,
          slow_altar_2, hangedman_minor_gate_pass
D:5:      layout_basic, lemuel_round_altar, temple_doors_e
D:6:      layout_basic, mainiacjoe_overflow_six_doors_small,
          fiery_altar_vehumet, serial_shops, shop, serial_undead,
          serial_undead_c, serial_undead_b, serial_undead_b, serial_undead_b,
          serial_undead_e, serial_undead_e, chequers_avenue, uniq_jeremiah
Temple:   nicolae_temple_colour_theory

Skill      XL: |  1  2  3  4  5  6  7 |
---------------+----------------------+-----
Spellcasting   | 5 6 7 8 |  8.8
Fighting       | 1 2 |  2.0
Armour         | 1 |  1.0
Conjurations   | 2 3 4 |  4.4
Dodging        | 3 |  3.0
Stealth        | 3 |  3.2
Air Magic      | 1 2 3 |  3.2
Alchemy        | 1 |  1.2
Evocations     | 1 |  1.0
Necromancy     | 2 |  2.1
Shields        | 1 |  1.2
Summonings     | |  1.1
Translocations | |  1.1

Action                     |  1- 3 |  4- 6 |  7- 9 || total
---------------------------+-------+-------+-------++-------
  Melee: Dagger            |    29 |       |       ||    29
         Punch             |     3 |    11 |     7 ||    21
         Mace              |       |    81 |    19 ||   100
         Whip              |       |       |    27 ||    27
         Flail             |       |       |     6 ||     6
   Cast: Magic Dart        |   108 |    76 |   113 ||   297
         Mephitic Cloud    |     2 |     6 |     9 ||    17
         Call Imp          |     1 |     1 |     1 ||     3
         Blink             |       |       |     1 ||     1
    Use: Potion            |       |       |     2 ||     2
   Stab: Confused          |     1 |     7 |     5 ||    13
         Sleeping          |       |     2 |       ||     2
 Armour: Robe              |    17 |    28 |    43 ||    88
  Dodge: Dodged            |    19 |    73 |    55 ||   147

Table legend: (Time is in decaauts)
 A = Elapsed time spent in this place.
 B = Non-inter-level travel time spent in this place.
 C = Inter-level travel time spent in this place.
 D = Time resting spent in this place.
 E = Time spent auto-exploring this place.
 F = Levels seen in this place.
 G = Mean time per level.
                   A        B        C        D        E       F      G
               +--------+--------+--------+--------+--------+-----+--------+
         Total |   5644 |   5474 |    170 |     30 |   4460 |   8 |  705.5 |
       Dungeon |   5198 |   5028 |    170 |     30 |   4117 |   6 |  866.3 |
        Temple |      1 |      1 |      0 |      0 |      0 |   1 |    1.0 |
         Sewer |    443 |    443 |      0 |      0 |    343 |   1 |  443.0 |
               +--------+--------+--------+--------+--------+-----+--------+

Top non-repeatable levels by time:
     D:1: 1446 daAuts
     D:5: 1170 daAuts
     D:4: 1079 daAuts
     D:2: 741 daAuts
     D:3: 726 daAuts
   Sewer: 443 daAuts
     D:6: 35 daAuts
  Temple: 1 daAuts
